Map: Data-C

Players

Harstem

  • Race: Protoss Protoss
  • Spawn Location: 9:00

trigger - Winner!

  • Race: Protoss Protoss
  • Spawn Location: 3:00

Event: DreamHack SC2 Masters 2022 Atlanta (Offline)

VOD

Have the link to the VOD?

Description

Time

  • Played on: Nov. 18, 2022, 7:14 p.m.
  • Length: 11:01

All games in this series

Show
View Real Time Build Order
Export as new Build Order

Harstem Protoss 

Build Orders: Phoenix Opening, Blink Stalkers 

Get SALT Encoding   

  12  0:00  Probe  
  13  0:12  Probe  
  14  0:17  Pylon  
  14  0:24  Probe (Chrono Boost)  
  15  0:36  Probe (Chrono Boost)  
  15  0:37  Gateway  
  16  0:45  Probe (Chrono Boost)  
  16  0:48  Assimilator  
  17  0:50  Probe  
  17  0:56  Assimilator  
  18  1:03  Probe (Chrono Boost)  
  19  1:09  Gateway  
  19  1:13  Probe (Chrono Boost)  
  20  1:18  Probe  
  21  1:26  Cybernetics Core  
  21  1:30  Probe  
  22  1:39  Pylon  
  22  1:45  Pylon  
  22  1:47  Probe  
  23  2:02  Pylon  
  23  2:04  Warp Gate, Sentry  
  27  2:20  Nexus  
  27  2:22  Probe  
  26  2:31  Stalker  
  26  2:36  Probe  
  28  2:38  Phoenix  
  28  2:42  Pylon  
  28  2:48  Probe  
  29  2:53  Stalker  
  31  3:00  Probe  
  31  3:03  Sentry  
  34  3:11  Twilight Council  
  34  3:12  Probe  
  35  3:24  Probe (Chrono Boost)  
  36  3:33  Probe (Chrono Boost)  
  37  3:36  Probe (Chrono Boost)  
  37  3:37  Phoenix  
  38  3:43  Probe (Chrono Boost), Blink (Chrono Boost)  
  38  3:44  Probe (Chrono Boost)  
  38  3:48  Probe (Chrono Boost)  
  40  3:50  Probe  
  40  3:52  Stalker  
  44  3:57  Stalker  
  44  3:59  Probe  
  47  4:03  Probe  
  47  4:06  Pylon  
  48  4:12  Probe  
  48  4:15  Probe  
  50  4:22  Phoenix  
  50  4:24  Nexus  
  50  4:25  Probe  
  51  4:32  Stalker  
  51  4:34  Stalker  
  51  4:35  Probe  
  56  4:39  Pylon  
  56  4:41  Probe  
  57  4:47  Robotics Facility  
  57  4:49  Probe  
  58  4:53  Probe  
  58  4:57  Stalker  
  58  4:59  Assimilator  
  61  5:01  Stalker  
  63  5:07  Pylon  
  63  5:09  Probe  
  64  5:17  Shield Battery  
  64  5:21  Stalker  
  66  5:25  Stalker  
  68  5:38  Immortal (Chrono Boost), Probe  
  68  5:39  Probe  
  72  5:45  Stalker  
  72  5:49  Gateway x2  
  74  5:50  Probe  
  74  5:51  Probe  
  74  5:56  Stalker  
  78  5:58  Probe  
  78  6:02  Probe  
  78  6:03  Phoenix, Probe  
  81  6:05  Shield Battery  
  81  6:11  Observer (Chrono Boost)  
  82  6:12  Forge, Stalker  
  82  6:15  Probe  
  82  6:17  Charge (Chrono Boost), Probe  
  86  6:19  Pylon  
  86  6:20  Phoenix  
  86  6:21  Probe  
  86  6:23  Stalker  
  86  6:25  Observer  
  89  6:26  Pylon  
  89  6:31  Probe  
  91  6:33  Probe  
  91  6:35  Probe, Pylon  
  93  6:41  Protoss Ground Weapons Level 1 (Chrono Boost)  
  93  6:42  Pylon  
  93  6:43  Probe  
  94  6:56  Nexus  
  94  6:58  Gateway  
  94  6:59  Gateway, Pylon  
  94  7:04  Probe x2  
  96  7:13  Probe  
  97  7:16  Probe  
  97  7:17  Probe  
  97  7:19  Gateway  
  97  7:21  Gateway  
  97  7:22  Robotics Bay, Photon Cannon  
  99  7:24  Pylon  
  99  7:25  Zealot, Probe  
  99  7:26  Zealot  
  104  7:31  Zealot x2  
  104  7:36  Probe x2  
  110  7:37  Observer, Pylon  
  110  7:43  Probe  
  111  7:48  Probe  
  111  7:49  Shield Battery  
  111  7:50  Probe  
  113  7:53  Zealot x5  
  113  7:54  Observer (Chrono Boost)  
  113  7:56  Probe  
  125  8:00  Probe  
  125  8:04  Photon Cannon, Stalker  
  128  8:07  Disruptor (Chrono Boost)  
  131  8:14  Zealot x2  
  131  8:17  Zealot x2, Dark Shrine  
  139  8:20  Assimilator  
  139  8:24  Stalker x2  
  142  8:31  Stalker x2  
  140  8:35  Observer (Chrono Boost)  
  140  8:40  Probe  
  142  8:49  Probe x2  
  142  8:50  Nexus  
  142  8:51  Pylon  
  142  8:55  Stalker x4  
  148  8:58  Zealot x2  
  148  8:59  Probe  
  149  9:10  Zealot x2  
  149  9:12  Shield Battery  
  151  9:17  Probe x3  
  151  9:19  Disruptor (Chrono Boost)  
  158  9:24  Probe  
  158  9:25  Pylon  
  158  9:29  Zealot x5, Probe, Pylon  
  153  9:39  Zealot x3  
  138  9:49  Zealot x2  
  138  9:50  Zealot x3  
  138  9:52  Disruptor (Chrono Boost)  
  142  9:54  Probe x2  
  142  9:57  Probe  
  142  9:59  Dark Templar x2, Photon Cannon  
  149  10:00  Dark Templar  
  149  10:02  Probe  
  149  10:05  Shield Battery  
  149  10:06  Pylon  
  150  10:10  Sentry  
  150  10:11  Zealot x4  
  160  10:14  Probe  
  160  10:15  Assimilator  
  160  10:16  Assimilator  
  153  10:31  Shield Battery, Zealot  
  153  10:32  Zealot  
  155  10:38  Zealot x2, Dark Templar x2  
  147  10:49  Probe  
  125  10:54  Stalker  
  125  10:55  Stalker  
  117  10:57  Gateway  
Show
View Real Time Build Order
Export as new Build Order

trigger Protoss - Winner!

Build Orders: Oracle Opening, Blink Stalkers 

Get SALT Encoding   

  12  0:00  Probe  
  13  0:12  Probe  
  14  0:19  Pylon  
  14  0:24  Probe  
  15  0:38  Gateway, Probe (Chrono Boost)  
  16  0:46  Probe (Chrono Boost)  
  16  0:47  Assimilator  
  17  0:52  Probe  
  18  1:04  Probe  
  18  1:08  Pylon  
  19  1:16  Probe (Chrono Boost)  
  20  1:18  Assimilator  
  20  1:24  Cybernetics Core  
  21  1:25  Probe (Chrono Boost)  
  21  1:30  Probe (Chrono Boost)  
  22  1:35  Zealot  
  24  1:42  Probe  
  25  1:55  Probe  
  26  2:01  Warp Gate  
  26  2:02  Stalker  
  26  2:07  Probe  
  29  2:11  Pylon  
  29  2:24  Nexus  
  29  2:35  Stargate  
  29  2:38  Probe  
  30  2:44  Stalker  
  30  2:50  Probe  
  33  3:02  Probe  
  33  3:03  Pylon  
  34  3:14  Probe  
  34  3:15  Oracle (Chrono Boost)  
  38  3:25  Twilight Council  
  38  3:26  Probe (Chrono Boost)  
  39  3:37  Probe (Chrono Boost)  
  39  3:38  Probe (Chrono Boost)  
  41  3:41  Gateway  
  41  3:45  Probe x2 (Chrono Boost)  
  43  3:52  Probe x2, Stalker  
  47  3:57  Blink (Chrono Boost)  
  47  4:04  Probe  
  47  4:05  Probe  
  49  4:16  Gateway, Probe  
  50  4:18  Probe  
  50  4:19  Stalker  
  53  4:29  Probe  
  53  4:30  Probe  
  55  4:32  Pylon  
  55  4:39  Stalker  
  55  4:41  Probe  
  55  4:45  Stalker  
  60  4:48  Probe  
  60  4:49  Pylon  
  61  4:53  Gateway  
  61  5:02  Assimilator  
  61  5:06  Nexus  
  61  5:10  Stalker x2  
  61  5:12  Stalker  
  67  5:18  Probe  
  69  5:21  Probe  
  69  5:22  Pylon  
  69  5:28  Robotics Facility  
  63  5:37  Probe  
  63  5:40  Stalker x3  
  63  5:42  Probe (Chrono Boost)  
  71  5:48  Forge  
  72  5:54  Probe x2 (Chrono Boost)  
  73  6:00  Shield Battery  
  73  6:01  Probe (Chrono Boost)  
  73  6:03  Probe (Chrono Boost)  
  75  6:05  Pylon  
  75  6:08  Nexus  
  75  6:11  Probe  
  76  6:16  Sentry  
  76  6:17  Protoss Ground Weapons Level 1 (Chrono Boost)  
  76  6:18  Probe x2  
  80  6:19  Observer (Chrono Boost)  
  80  6:25  Probe (Chrono Boost), Stalker  
  84  6:28  Stalker  
  84  6:30  Pylon  
  84  6:31  Probe (Chrono Boost)  
  88  6:35  Probe (Chrono Boost)  
  88  6:38  Immortal  
  93  6:40  Probe (Chrono Boost)  
  93  6:42  Stalker  
  93  6:43  Probe (Chrono Boost)  
  93  6:44  Probe (Chrono Boost)  
  97  6:50  Probe  
  97  6:52  Stalker, Assimilator  
  97  6:53  Stalker  
  102  6:57  Shield Battery  
  102  6:59  Photon Cannon  
  102  7:00  Probe  
  103  7:02  Probe  
  103  7:04  Phoenix  
  103  7:08  Assimilator  
  104  7:12  Stalker  
  104  7:13  Probe (Chrono Boost)  
  105  7:15  Probe (Chrono Boost)  
  105  7:16  Gateway  
  105  7:17  Probe (Chrono Boost)  
  105  7:21  Stalker x2  
  110  7:23  Probe (Chrono Boost)  
  110  7:25  Probe (Chrono Boost)  
  110  7:27  Probe (Chrono Boost)  
  114  7:33  Probe (Chrono Boost)  
  114  7:34  Probe x2 (Chrono Boost)  
  114  7:35  Probe (Chrono Boost)  
  114  7:36  Gateway  
  117  7:37  Gateway  
  117  7:40  Probe x2  
  117  7:41  Gateway  
  120  7:45  Charge  
  120  7:50  Warp Prism (Chrono Boost)  
  123  7:51  Pylon  
  123  7:55  Stalker  
  123  7:59  Pylon x2  
  123  8:02  Pylon  
  123  8:06  Gateway  
  123  8:08  Gateway  
  123  8:11  Gateway  
  123  8:16  Stalker x3  
  123  8:18  Stalker  
  131  8:25  Pylon  
  131  8:26  Pylon  
  131  8:32  Stalker x2  
  129  8:39  Stalker x4, Protoss Ground Weapons Level 2 (Chrono Boost)  
  135  8:45  Pylon  
  135  8:46  Stalker  
  137  8:51  Pylon  
  135  8:57  Stalker x2  
  139  9:03  Stalker x6  
  145  9:10  Immortal (Chrono Boost), Stalker x2  
  153  9:23  Zealot x2  
  157  9:26  Zealot x6  
  150  9:38  Zealot x2  
  150  9:41  Observer  
  149  9:48  Zealot x8  
  161  10:02  Phoenix  
  161  10:04  Stalker x2  
  167  10:09  Nexus  
  167  10:11  Stalker x7  
  179  10:16  Observer  
  180  10:21  Zealot  
  180  10:28  Observer  
  180  10:30  Zealot x2  
  180  10:31  Phoenix  
  180  10:35  Zealot x3  
  187  10:39  Photon Cannon  
  161  10:54  Stalker x5  
Tags
 
Add a new tag
Caveats
  • Supply blocks, unpowered buildings, or Contaminate may cause inaccurate times.
  • Supply counts are checked every 10 seconds.